 Dungeon Crawl Stone Soup version 0.31-a0-588-g14bffd4ff3 (webtiles) character file.

Game seed: 16253316795523621535

5034 iasek the Protected (level 10, 0/91 HPs)
             Began as a Minotaur Fighter on Aug 19, 2023.
             Was a Believer of Okawaru.
             Slain by a boulder beetle (17 damage)
             ... on level 8 of the Dungeon.
             The game lasted 00:11:11 (6610 turns).

iasek the Protected (Minotaur Fighter)              Turns: 6610, Time: 00:11:12

Health: 0/91       AC: 16    Str: 24    XL:     10   Next: 30%
Magic:  9/9        EV: 14    Int:  5    God:    Okawaru [**....]
Gold:   206        SH:  7    Dex: 17    Spells: 9/9 levels left

rFire   . . .        a - +1 war axe
rCold   + . .        c - +0 buckler
rNeg    . . .        b - +0 scale mail
rPois   .            s - +2 hat
rElec   .            j - +1 cloak
rCorr   .            (no gloves)
SInv    .            k - +2 pair of boots
Will    .....        (no amulet) Stlth
                     m - +6 ring of dexterity
HPRegen 0.35/turn    n - ring of protection from cold
MPRegen 0.11/turn

%: no passive effects
@: hasted, very quick
A: horns 2, retaliatory headbutt
a: Renounce Religion, Heroism


You were on level 8 of the Dungeon.
You worshipped Okawaru.
Okawaru was pleased with you.
You visited 2 branches of the dungeon, and saw 9 of its levels.

You collected 310 gold pieces.
You spent 104 gold pieces at shops.

Inventory:

Hand Weapons
 a - a +1 war axe (weapon)
Missiles
 p - 2 throwing nets
Armour
 b - a +0 scale mail (worn)
 c - a +0 buckler (worn)
 j - a +1 cloak (worn)
 k - a +2 pair of boots (worn)
 s - a +2 hat (worn)
Jewellery
 m - a +6 ring of dexterity (left hand)
 n - a ring of protection from cold (right hand)
 r - a ring of fire
Wands
 d - a wand of charming (6)
 u - a wand of mindburst (8)
Scrolls
 f - 2 scrolls of teleportation
 i - a scroll of fog
Potions
 e - a potion of resistance {unknown}
 h - a potion of lignification
 l - 4 potions of curing
 o - 2 potions of attraction {unknown}
 q - a potion of experience {unknown}
 t - a potion of heal wounds
 v - a potion of brilliance {unknown}
 w - a potion of magic {unknown}
 x - a potion of berserk rage {unknown}


   Skills:
 + Level 9.0 Fighting
 + Level 8.5 Axes
 + Level 9.0 Armour
 + Level 7.3 Dodging
 + Level 9.0 Shields


You had 9 spell levels left.
You didn't know any spells.
Your spell library contained the following spells:

 Spells                   Type           Power      Damage    Failure   Level
 Blink                    Tloc           0%         N/A       89%         2
 Lesser Beckoning         Tloc           0%         N/A       89%         2
 Momentum Strike          Conj/Tloc      0%         3d8       89%         2
 Gell's Gravitas          Tloc           0%         N/A       98%         3
 Portal Projectile        Hex/Tloc       0%         N/A       98%         3
 Teleport Other           Tloc           0%         N/A       98%         3
 Iskenderun's Mystic Bla  Conj/Tloc      0%         2d3       100%        4
 Olgreb's Toxic Radiance  Pois           0%         N/A       100%        4
 Discord                  Hex            0%         N/A       100%        8
 Ignition                 Fire           0%         3d3       100%        8
 Tukima's Dance           Hex            Unusable   N/A       N/A         3

Dungeon Overview and Level Annotations

Branches:
Dungeon (8/15)             Temple (1/1) D:6            Lair (0/5) D:8

Altars:
Ashenzari
Cheibriados
Dithmenos
Elyvilon
Fedhas
Gozag
Kikubaaqudgha
Makhleb
Nemelex Xobeh
Okawaru
Qazlal
Ru
Sif Muna
Trog
Uskayaw
Wu Jian
Xom
Yredelemnul
Zin
The Shining One

Shops:
D:1 !   D:4 *   D:7 *


Innate Abilities, Weirdness & Mutations

You have a pair of horns on your head.
You reflexively headbutt those who attack you in melee.


Message History

Things that are here:
a +0 orcbow; 8 stones; a centaur corpse
Things that are here:
a +0 orcbow; 8 stones; a centaur corpse A boulder beetle comes into view.
The boulder beetle curls into a ball and begins rolling!
Found 6 stones.
You block the boulder beetle's attack.
The boulder beetle stops rolling and uncurls.
You hit the boulder beetle.
The boulder beetle is lightly wounded.
The boulder beetle bites you!
You hit the boulder beetle but do no damage.
The boulder beetle is lightly wounded.
The boulder beetle misses you. You furiously retaliate!
You headbutt the boulder beetle. The boulder beetle bites you!
Unknown command.
You feel yourself speed up. You block the boulder beetle's attack.
You fail to use your ability.
Unknown command.
You hit the boulder beetle but do no damage.
You headbutt the boulder beetle, but do no damage.
The boulder beetle is lightly wounded.
The boulder beetle closely misses you.
You barely miss the boulder beetle.
The boulder beetle is lightly wounded.
The boulder beetle bites you.
You hit the boulder beetle but do no damage.
The boulder beetle is lightly wounded.
You hit the boulder beetle.
The boulder beetle is lightly wounded.
The boulder beetle bites you!
As you read the scroll of fog, it dissolves into smoke.
The boulder beetle bites you!
* * * LOW HITPOINT WARNING * * *
Unknown command.
You hit the boulder beetle but do no damage.
The boulder beetle is lightly wounded.
The boulder beetle bites you!
You die...

#... #..### #
+..#.#.# # #..8.#(#.#
#..§§§.... #####
§§§§§.. #.... #B8.#
#.... #@# #†### #§#
#.# #§# #.#
#####.############.#
#................#.#
#.###.##########.#.#
##.###.# #.#.#
#......# #.#.#
#......##########.#.#


You could see a boulder beetle.

Vanquished Creatures
  2 komodo dragons (D:8)
  Sigmund (D:2)
  9 yaks (D:6)
  Menkaure (D:7)
  2 water moccasins (D:8)
  2 orc warriors
  3 ice beasts
  An ogre (D:7)
  2 sky beasts (D:7)
  A centaur (D:8)
  6 bullfrogs
  A kobold brigand (D:7)
  A scorpion (D:6)
  6 wights
  6 hounds
  3 jellies
  Crazy Yiuf (D:2)
  7 orc priests
  4 iguanas
  A sleepcap (D:7)
  Terence (D:2)
  2 orc wizards (D:7)
  8 adders
  7 gnolls
  2 white imps (D:6)
  3 worms
  4 dart slugs
  36 orcs
  5 bats (D:1)
  8 endoplasms
  4 giant cockroaches
  3 goblins
  5 hobgoblins
  10 jackals
  3 quokkas
  4 ball pythons
  3 frilled lizards
  14 kobolds
  2 rats
184 creatures vanquished.

Vanquished Creatures (collateral kills)
  A yak (D:6)
1 creature vanquished.

Vanquished Creatures (others)
  An orc wizard (D:8)
1 creature vanquished.

Grand Total: 186 creatures vanquished

Notes
Turn   | Place    | Note
-------+----------+-------------------------------------------
     0 | D:1      | iasek the Minotaur Fighter began the quest for the Orb.
     0 | D:1      | Reached XP level 1. HP: 19/19 MP: 0/0
    65 | D:1      | Reached XP level 2. HP: 27/27 MP: 1/1
   123 | D:1      | Found Mucuixokh's Distillery.
   136 | D:1      | Found a faded altar of an unknown god.
   259 | D:1      | Reached skill level 1 in Dodging
   457 | D:2      | Reached XP level 3. HP: 28/33 MP: 2/2
   551 | D:2      | Noticed Sigmund
   557 | D:2      | Killed Sigmund
   558 | D:2      | Reached XP level 4. HP: 41/41 MP: 3/3
   558 | D:2      | Reached XP level 5. HP: 47/47 MP: 4/4
   730 | D:2      | Noticed Terence
   733 | D:2      | Killed Terence
  1032 | D:2      | Found a runed translucent door.
  1033 | D:2      | Noticed Crazy Yiuf
  1040 | D:2      | Killed Crazy Yiuf
  1524 | D:3      | Reached XP level 6. HP: 55/55 MP: 5/5
  1723 | D:3      | Reached skill level 5 in Armour
  1760 | D:3      | Reached skill level 5 in Fighting
  1760 | D:3      | Reached skill level 5 in Shields
  2185 | D:4      | Found Xenill's Fire Supplies.
  2398 | D:4      | Identified the +4 mace "Grum" {venom, Int+5}
  2604 | D:4      | Identified the +2 dagger of Integrity {heavy, rPois rF+
                  | rN+}
  2946 | D:1      | Bought a potion of heal wounds for 65 gold pieces
  2946 | D:1      | Bought a potion of curing for 39 gold pieces
  3004 | D:5      | Entered Level 5 of the Dungeon
  3153 | D:5      | Reached XP level 7. HP: 47/61 MP: 6/6
  3311 | D:5      | Reached skill level 5 in Axes
  3627 | D:5      | Identified the +9 dagger "Sarcophage" {freeze, Int+3
                  | Stlth+}
  3824 | D:5      | Found the +7 staff of the Meek {protect, meekguard}
  3921 | D:6      | Noticed a yak
  3921 | D:6      | Noticed a yak
  3922 | D:6      | Noticed a yak
  3923 | D:6      | Noticed a yak
  3925 | D:6      | Noticed a yak
  3933 | D:6      | Killed a yak
  3934 | D:6      | Reached XP level 8. HP: 70/70 MP: 7/7
  3942 | D:6      | Reached skill level 5 in Dodging
  4262 | D:6      | Found a staircase to the Ecumenical Temple.
  4390 | D:6      | Reached XP level 9. HP: 71/79 MP: 8/8
  5063 | D:7      | Noticed Menkaure
  5071 | D:7      | Killed Menkaure
  5234 | D:7      | Found a glowing silver altar of Zin.
  5234 | D:7      | Noticed an angel
  5250 | D:7      | Found Gihi Luvoxt's General Store.
  5283 | Temple   | Entered the Ecumenical Temple
  5310 | Temple   | Became a worshipper of Warmaster Okawaru
  5924 | D:7      | Reached * piety under Okawaru
  6026 | D:7      | Reached XP level 10. HP: 87/88 MP: 9/9
  6297 | D:8      | Found a blossoming altar of Fedhas.
  6373 | D:8      | Reached ** piety under Okawaru
  6541 | D:8      | Found a staircase to the Lair.
  6597 | D:8      | Noticed a boulder beetle
  6610 | D:8      | Slain by a boulder beetle

Illustrated notes

Levels and vault maps discovered:
D:1:      nicolae_arrival_memento_mori, layout_rooms,
          ebering_ecumenical_altar_box, serial_shops, shop
D:2:      layout_basic, serial_bayou, serial_bayou_lagoon_a,
          serial_bayou_lake_a, serial_bayou_pond_e, serial_bayou_pond_c,
          amcnicky_mini_pool_small, uniq_sigmund, uniq_crazy_yiuf_cottage,
          uniq_terence
D:3:      layout_basic
D:4:      layout_loops_ring, nicolae_shop_fire_sale [nicolae_sub_dead_trees],
          minivault_26, minmay_box_of_dots
D:5:      layout_basic, minivault_26, nicolae_concentric_dashed_squares_mild,
          pf_guarded_unrand_meek
D:6:      layout_basic, minmay_temple_entry_from_below_b
D:7:      layout_loops_cross, zin_angel, serial_shops, shop, uniq_menkaure
D:8:      layout_basic, minitemple, kennysheep_mini_moat,
          due_lair_maze_entry_diamond, enter_bailey_5, kennysheep_doodads
Temple:   hc_temple_tempest_star

Skill      XL: |  1  2  3  4  5  6  7  8  9 10 |
---------------+-------------------------------+-----
Dodging        | 1 2 3 4 5 6 7 |  7.3
Armour         | 4 5 6 7 8 9 |  9.0
Shields        | 4 5 6 7 8 9 |  9.0
Fighting       | 4 5 6 7 8 9 |  9.0
Axes           | 3 4 5 6 8 |  8.5

Action                     |  1- 3 |  4- 6 |  7- 9 | 10-12 || total
---------------------------+-------+-------+-------+-------++-------
  Melee: War axe           |    45 |   109 |   209 |    50 ||   413
         Headbutt          |     6 |    19 |    34 |    13 ||    72
    Use: Scroll            |       |    10 |     3 |     1 ||    14
         Potion            |       |       |     3 |     3 ||     6
 Armour: Scale mail        |    25 |    43 |    50 |    26 ||   144
         Skin              |       |       |    27 |       ||    27
  Dodge: Dodged            |    22 |    67 |   117 |    31 ||   237
  Block: Buckler           |     9 |    24 |    57 |    29 ||   119

Table legend: (Time is in decaauts)
 A = Elapsed time spent in this place.
 B = Non-inter-level travel time spent in this place.
 C = Inter-level travel time spent in this place.
 D = Time resting spent in this place.
 E = Time spent auto-exploring this place.
 F = Levels seen in this place.
 G = Mean time per level.
                   A        B        C        D        E       F      G
               +--------+--------+--------+--------+--------+-----+--------+
         Total |   6742 |   6428 |    314 |      2 |   5078 |   9 |  749.1 |
       Dungeon |   6687 |   6426 |    261 |      2 |   5078 |   8 |  835.9 |
        Temple |     54 |      1 |     53 |      0 |      0 |   1 |   54.0 |
               +--------+--------+--------+--------+--------+-----+--------+

Top non-repeatable levels by time:
     D:2: 1232 daAuts
     D:7: 1186 daAuts
     D:6: 1108 daAuts
     D:5: 932 daAuts
     D:4: 871 daAuts
     D:3: 574 daAuts
     D:1: 431 daAuts
     D:8: 350 daAuts
  Temple: 54 daAuts
